Map: 골든 월 - 래더

Players

Stats - Winner!

  • Race: Protoss Protoss
  • League: Master
  • Spawn Location: 7:00

Bunny

  • Race: Terran Terran
  • Spawn Location: 5:00

Event: StayAtHomestory Cup #2

VOD

Have the link to the VOD?

Description

Time

  • Played on: June 12, 2020, 1:05 p.m.
  • Length: 8:55

All games in this series

Show
View Real Time Build Order
Export as new Build Order

Stats Protoss - Winner!

Build Orders: 1 Gate Expand, Blink Stalkers, Zealot Archon 

Get SALT Encoding   

  12  0:01  Probe  
  13  0:13  Probe  
  14  0:20  Pylon  
  14  0:25  Probe  
  15  0:34  Probe  
  15  0:39  Gateway  
  15  0:42  Probe  
  16  0:47  Assimilator  
  17  0:53  Probe  
  18  1:05  Probe  
  19  1:17  Probe  
  20  1:26  Cybernetics Core  
  20  1:33  Nexus  
  20  1:37  Probe  
  21  1:44  Pylon  
  21  1:49  Assimilator  
  21  1:51  Probe  
  21  1:53  Adept  
  22  2:04  Probe, Warp Gate  
  25  2:13  Stalker  
  25  2:15  Shield Battery  
  25  2:16  Probe  
  26  2:28  Probe  
  29  2:40  Probe  
  30  2:45  Probe  
  30  2:49  Gateway  
  31  2:52  Gateway  
  31  2:55  Probe  
  31  2:58  Probe  
  33  3:05  Stalker  
  33  3:09  Probe  
  33  3:10  Probe  
  37  3:17  Pylon  
  37  3:21  Probe  
  37  3:23  Probe  
  39  3:31  Twilight Council  
  39  3:33  Probe  
  40  3:34  Probe  
  41  3:41  Probe  
  41  3:42  Probe  
  43  3:48  Robotics Facility  
  43  3:49  Probe  
  43  3:50  Probe  
  43  3:54  Sentry, Stalker  
  49  3:58  Blink  
  49  4:00  Probe  
  49  4:02  Probe  
  50  4:06  Phoenix  
  50  4:07  Assimilator  
  51  4:12  Probe  
  51  4:14  Probe  
  53  4:22  Nexus  
  53  4:25  Pylon  
  53  4:27  Probe  
  54  4:33  Pylon  
  54  4:37  Assimilator  
  54  4:43  Observer, Probe x2  
  57  4:51  Stalker x2  
  57  4:52  Stalker  
  63  4:53  Probe  
  63  4:54  Probe  
  65  5:01  Probe  
  65  5:02  Probe  
  65  5:06  Forge  
  67  5:09  Probe  
  67  5:12  Probe  
  65  5:21  Probe, Protoss Ground Weapons Level 1  
  65  5:22  Probe  
  65  5:23  Observer  
  65  5:25  Templar Archives  
  68  5:30  Probe  
  68  5:31  Probe  
  68  5:32  Gateway  
  68  5:33  Probe, Gateway  
  70  5:38  Probe  
  70  5:40  Probe  
  72  5:45  Probe  
  72  5:48  Observer  
  75  5:50  Probe  
  75  5:53  Probe  
  77  5:57  Probe  
  77  5:58  Charge  
  77  5:59  Gateway, Psionic Storm  
  77  6:00  Gateway  
  77  6:02  Probe  
  79  6:08  Probe, High Templar  
  82  6:12  Probe  
  82  6:14  Assimilator  
  82  6:15  Pylon  
  82  6:17  Probe  
  84  6:19  Assimilator  
  84  6:20  Probe  
  85  6:32  Pylon  
  85  6:33  Probe x3, Pylon  
  85  6:35  Gateway, Pylon  
  85  6:36  Gateway  
  85  6:38  High Templar x2  
  92  6:42  Pylon  
  92  6:44  Warp Prism  
  92  6:47  Gateway  
  94  6:56  High Templar  
  94  6:57  Zealot x4  
  103  7:04  Forge  
  103  7:09  Pylon  
  103  7:11  Pylon  
  103  7:14  High Templar, Shield Battery  
  103  7:15  High Templar  
  107  7:21  Archon, Zealot x4  
  115  7:30  Stalker x2  
  115  7:36  Zealot  
  121  7:44  High Templar x2  
  121  7:45  Zealot x3  
  121  7:48  Zealot x2  
  121  7:49  Archon  
  135  7:52  Pylon  
  135  7:53  Pylon  
  135  8:02  Pylon  
  135  8:04  Observer  
  135  8:06  High Templar x2  
  135  8:10  Zealot x5  
  135  8:11  Archon  
  149  8:14  Zealot  
  151  8:22  Pylon  
  151  8:23  Pylon, Zealot  
  153  8:28  Nexus  
  153  8:31  Pylon  
  125  8:48  Zealot x2  
  125  8:49  High Templar x3, Zealot x3  
  125  8:50  Zealot x2  
Show
View Real Time Build Order
Export as new Build Order

Bunny Terran 

Build Orders:  

Get SALT Encoding   

  12  0:00  SCV  
  13  0:12  SCV  
  14  0:18  Supply Depot  
  14  0:25  SCV  
  15  0:40  SCV, Barracks  
  16  0:52  SCV  
  16  0:55  Supply Depot  
  17  1:04  SCV  
  18  1:16  SCV  
  19  1:28  Marine  
  19  1:29  Orbital Command  
  20  1:39  Command Center  
  20  1:46  Marine  
  21  1:51  Refinery x2  
  21  1:55  SCV  
  22  2:04  Marine  
  22  2:07  SCV  
  24  2:19  SCV  
  24  2:22  Marine  
  26  2:31  SCV  
  26  2:34  Factory  
  27  2:43  SCV, Barracks Reactor  
  28  2:53  Orbital Command  
  28  2:55  SCV  
  29  3:08  SCV, Command Center  
  30  3:13  Orbital Command  
  30  3:17  Starport  
  30  3:18  Widow Mine  
  32  3:21  SCV  
  32  3:24  Marine x2  
  35  3:33  SCV  
  36  3:35  Bunker  
  36  3:39  Widow Mine  
  36  3:40  SCV  
  39  3:42  Marine x2  
  39  3:45  SCV  
  39  3:47  Supply Depot  
  42  3:52  SCV  
  42  3:55  Medivac  
  45  3:57  SCV  
  46  4:09  SCV x2, Widow Mine  
  50  4:12  Barracks  
  50  4:15  Barracks, Marine  
  50  4:16  Marine  
  52  4:20  Orbital Command  
  52  4:23  SCV  
  53  4:24  SCV  
  53  4:27  Starport Tech Lab  
  54  4:31  Factory Tech Lab  
  54  4:35  SCV  
  54  4:36  SCV  
  56  4:39  Marine x2  
  56  4:44  Supply Depot  
  58  4:48  SCV x2  
  58  4:51  SCV  
  61  4:53  Refinery  
  61  4:58  Engineering Bay x2  
  63  5:00  SCV x2  
  63  5:06  Refinery  
  63  5:13  Stimpack, Combat Shield  
  61  5:14  Factory Reactor, Starport Reactor  
  61  5:16  Marauder x2  
  61  5:18  Marine x2  
  61  5:20  SCV x2  
  65  5:22  SCV  
  65  5:24  Supply Depot  
  65  5:27  Terran Infantry Armor Level 1, Terran Infantry Weapons Level 1  
  66  5:36  Marine x2  
  66  5:37  Marauder x2  
  66  5:42  SCV x2  
  74  5:51  Medivac  
  74  5:52  Barracks, Medivac  
  74  5:53  Barracks  
  74  5:55  SCV x2  
  51  5:57  Orbital Command  
  80  6:00  Supply Depot  
  80  6:03  Marauder x2  
  84  6:05  Marine  
  85  6:19  SCV x2, Supply Depot  
  85  6:20  Marine  
  85  6:21  Medivac, Supply Depot  
  85  6:22  Medivac  
  86  6:26  SCV  
  86  6:30  Supply Depot  
  86  6:31  SCV x2  
  86  6:32  Marine, Marauder  
  92  6:33  Marauder  
  92  6:39  SCV  
  93  6:41  Starport  
  93  6:42  Barracks Reactor  
  93  6:43  SCV x2, Concussive Shells  
  93  6:47  Barracks Tech Lab  
  95  6:54  SCV  
  95  6:55  Missile Turret x2, SCV, Supply Depot  
  95  6:59  Viking, Refinery  
  99  7:02  Viking  
  99  7:05  Marauder x2  
  99  7:08  Marine, Marauder  
  108  7:09  Marine  
  109  7:17  Armory  
  109  7:18  Supply Depot  
  106  7:25  SCV x3  
  106  7:29  Marauder x3  
  115  7:31  Missile Turret, Viking  
  117  7:37  Viking x2  
  117  7:42  Viking  
  123  7:47  SCV x3  
  123  7:51  Supply Depot x2  
  126  7:56  Marine  
  126  7:57  Marauder x3  
  133  8:01  Marine  
  133  8:11  Marine  
  133  8:12  Marine, Command Center  
  134  8:16  Sensor Tower  
  134  8:24  Barracks  
  134  8:25  Barracks x2, Supply Depot  
  134  8:26  Supply Depot  
  134  8:32  Ghost Academy  
  133  8:35  Missile Turret  
Tags
 
Add a new tag
Caveats
  • Supply blocks, unpowered buildings, or Contaminate may cause inaccurate times.
  • Supply counts are checked every 10 seconds.